 Dungeon Crawl Stone Soup version 0.23.2-1-ga50397a (webtiles) character file.

Game seed: 2872343657396648279

85 whitewolfNL the Cudgeler (level 4, -1/44 HPs)
             Began as a Troll Berserker on Apr 19, 2019.
             Was a Believer of Trog.
             Slain by a goblin
             ... wielding a +0 dagger
             ... led by Robin
              (6 damage)
             ... on level 2 of the Dungeon.
             The game lasted 00:05:40 (1353 turns).

whitewolfNL the Cudgeler (Troll Berserker)          Turns: 1353, Time: 00:05:41

Health: -1/44      AC:  7    Str: 25    XL:     4   Next: 25%
Magic:  3/3        EV: 10    Int:  3    God:    Trog [**....]
Gold:   117        SH:  0    Dex: 10    Spells: 3/3 levels left

rFire    x . .     SeeInvis .     - Unarmed
rCold    + . .     Gourm    +   (no shield)
rNeg     . . .     Faith    +   d - +0 robe
rPois    .         Spirit   .   (helmet restricted)
rElec    .         Reflect  .   l - +0 cloak
rCorr    .         Harm     .   (gloves unavailable)
MR       .....     Clarity  +   (boots unavailable)
Stlth    +.........             m - amulet of faith
HPRegen  0.54/turn              e - ring of flight
MPRegen  0.08/turn              n - ring of ice

@: lethally poisoned (-1 -> -2), berserk cooldown, slowed, very slow
A: large, unfitting armour, claws 3, blink, clarity, fast metabolism 3,
gourmand, regeneration 1, shaggy fur 1, tough skin 3, wild magic 1
a: Blink, Berserk, Trog's Hand, Renounce Religion, Evoke Flight


You were on level 2 of the Dungeon.
You worshipped Trog.
Trog was pleased with you.
You were full.

You visited 1 branch of the dungeon, and saw 2 of its levels.

You collected 117 gold pieces.

Inventory:

Hand Weapons
 a - a +0 mace
 p - a +2 flail of crushing
Missiles
 b - 6 needles of sleeping
 o - 11 poisoned needles
Armour
 d - a +0 robe (worn)
 l - a +0 cloak (worn)
Jewellery
 e - a ring of flight (left claw)
 m - an amulet of faith (around neck)
 n - a ring of ice (right claw)
Scrolls
 f - a scroll of teleportation {unknown}
 h - 7 scrolls of remove curse {unknown}
 i - 3 scrolls of identify {unknown}
 k - a scroll of fog {unknown}
Comestibles
 c - 4 rations


   Skills:
 * Level 2.9 Fighting
 * Level 3.0 Maces & Flails
 * Level 3.0 Dodging
 * Level 0.4 Stealth
 * Level 1.9 Unarmed Combat


You had 3 spell levels left.
You didn't know any spells.
Your spell library was empty.

Dungeon Overview and Level Annotations

Branches:
Dungeon (2/15)

Altars:

Annotations:
D:2 Robin


Innate Abilities, Weirdness & Mutations

You are too large for most types of armour.
You have claws for hands.
Your metabolism is lightning-fast.
You like to eat raw meat.
Your natural rate of healing is unusually fast.
You are covered in fur. (AC +1)
You have extremely tough skin. (AC +3)
You can translocate small distances at will.
You possess an exceptional clarity of mind.
Your spells are a little harder to cast, but a little more powerful.


Message History

The goblin shoots a sling bullet.
The sling bullet hits you but does no damage.
Robin throws the goblin at you! The goblin barely misses you.
The goblin hits you but does no damage.
You see here a sling bullet.
It was a potion of mutation.
You feel extremely strange.
Your thoughts seem clearer.
You feel jittery.
You feel less in control of your magic.
The goblin unwields a +0 hunting sling of velocity.
The goblin wields a +0 dagger.
The goblin hits you with a +0 dagger.
* * * LOW HITPOINT WARNING * * *
The goblin hits you.
* * * LOW HITPOINT WARNING * * *
The goblin hits you but does no damage. Robin hits you but does no damage.
As you read the scroll labeled HOBOLUGRYT, it crumbles to dust.
It is a scroll of amnesia.
You feel forgetful for a moment.
The hobgoblin no longer looks unusually strong.
The hobgoblin closely misses you. The goblin hits you with a +0 dagger.
You die...

.>..........##.P.#
##.##.##.##.).# ..# ..g ...
..... #.##.### # ... ...
#.##.##.##(# #.g ..
##.###......#### #..g..
#..............# #...#g
#..............## #.....
#.....g#.#....#.#
##..#..####.g@##.#....#.# ###
......))..#ggg##.#....#.#+#.#.
##+#......)...+..#............
.....####(#)..####..........##
.... #.#...# #............ ...
#.##### ##........... .. #.#
#....##....... # #.. #....
#....).. ### +....##.......


You could see Robin, a hobgoblin and 3 goblins.

Vanquished Creatures
  5 adders (D:2)
  A worm (D:2)
  6 bats
  3 giant cockroaches
  6 goblins
  7 hobgoblins
  2 jackals (D:2)
  A quokka (D:2)
  2 frilled lizards
  4 kobolds
  2 rats (D:2)
39 creatures vanquished.

Notes
Turn   | Place    | Note
-------+----------+-------------------------------------------
     0 | D:1      | whitewolfNL the Troll Berserker began the quest for the
                  | Orb.
     0 | D:1      | Reached XP level 1. HP: 22/22 MP: 0/0
   120 | D:1      | Reached XP level 2. HP: 27/29 MP: 1/1
  1050 | D:2      | Reached XP level 3. HP: 27/36 MP: 2/2
  1054 | D:2      | Reached ** piety under Trog
  1054 | D:2      | Reached skill level 1 in Unarmed Combat
  1333 | D:2      | Reached XP level 4. HP: 44/44 MP: 3/3
  1336 | D:2      | Noticed Robin
  1352 | D:2      | Gained mutation: You possess an exceptional clarity of
                  | mind. [potion of mutation]
  1352 | D:2      | Gained mutation: You can translocate small distances at
                  | will. [potion of mutation]
  1352 | D:2      | Gained mutation: Your spells are a little harder to cast,
                  | but a little more powerful. [potion of mutation]
  1353 | D:2      | Slain by a goblin

Skill      XL: |  1  2  3  4 |
---------------+-------------+-----
Unarmed Combat | 1 |  1.9
Maces & Flails | 3 |  3.0
Dodging        | 3 |  3.0
Fighting       | |  2.9
Stealth        | |  0.4

Action                   |  1- 3 |  4- 6 || total
-------------------------+-------+-------++-------
Melee: Unarmed           |   119 |    11 ||   130
       Punch             |       |     1 ||     1
Invok: Berserk           |     1 |       ||     1
  Use: Scroll            |       |     1 ||     1
       Potion            |       |     1 ||     1
 Stab: Sleeping          |     1 |       ||     1
  Eat: Chunk             |    15 |       ||    15
Armor: Robe              |    65 |    10 ||    75
Dodge: Dodged            |    80 |     6 ||    86
